 Dungeon Crawl Stone Soup version 0.30-a0-586-g23e55c9e0a (webtiles) character file.

Game seed: 5873949025797226674

3582 Whiskymancer the Slicer (level 10, 0/53 HPs)
             Began as a Kobold Fire Elementalist on Jan 3, 2023.
             Was an Initiate of Vehumet.
             Slain by an orc warrior
             ... wielding a +0 dire flail
              (13 damage)
             ... on level 8 of the Dungeon.
             The game lasted 00:49:51 (12396 turns).

Whiskymancer the Slicer (Kobold Fire Elementalist) Turns: 12396, Time: 00:49:52

Health: 0/53       AC:  9    Str: 10    XL:     10   Next: 31%
Magic:  2/18       EV: 17    Int: 17    God:    Vehumet [......]
Gold:   17         SH:  0    Dex: 21    Spells: 9/20 levels left

rFire   + . .      SeeInvis .    a - staff of fire
rCold   . . .      Faith    .    (shield currently unavailable)
rNeg    . . .      Spirit   .    x - +0 acid dragon scales
rPois   .          Reflect  .    u - +0 helmet
rElec   .          Harm     .    g - scarf {shadows}
rCorr   +          Rampage  .    e - +1 pair of gloves
Will    .....                    (no boots)
Stlth   ++++                     (no amulet)
HPRegen 0.28/turn                q - +6 ring of dexterity
MPRegen 0.16/turn                (no ring)

@: no status effects
A: small, no large weapons, nightstalker 3
a: Renounce Religion


You were on level 8 of the Dungeon.
You worshipped Vehumet.
Vehumet was noncommittal.
You visited 2 branches of the dungeon, and saw 9 of its levels.

You collected 371 gold pieces.
You spent 354 gold pieces at shops.

Inventory:

Hand Weapons
 b - a +2 sling of flaming
 C - a +2 short sword of venom
Missiles
 j - 6 poisoned darts
 r - 5 boomerangs
 B - a boomerang of dispersal
Armour
 e - a +1 pair of gloves (worn)
 g - a scarf of shadows (worn)
 o - a +0 kite shield
 u - a +0 helmet (worn)
 x - +0 acid dragon scales (worn)
Magical Staves
 a - a staff of fire (weapon)
Jewellery
 m - an amulet of magic regeneration
 q - a +6 ring of dexterity (left hand)
Wands
 E - a wand of iceblast (14)
 G - a wand of mindburst (2)
Scrolls
 c - 2 scrolls of magic mapping
 d - a scroll of amnesia
 f - 2 scrolls of teleportation
 v - a scroll of identify
Potions
 h - 6 potions of curing
 i - a potion of ambrosia {unknown}
 k - 2 potions of brilliance {unknown}
 l - a potion of magic
 n - a potion of lignification {unknown}
 p - 3 potions of heal wounds
 s - 2 potions of resistance {unknown}
 t - a potion of invisibility {unknown}
 w - a potion of degeneration {unknown}
 z - a potion of might {unknown}
 A - 3 potions of flight {unknown}
 H - a potion of haste {unknown}


   Skills:
 - Level 2.1 Fighting
 - Level 10.0 Short Blades
 - Level 5.6 Dodging
 * Level 6.3 Stealth
 - Level 5.8 Spellcasting
 * Level 6.2 Conjurations
 + Level 0.9 Hexes
 * Level 6.2 Fire Magic


You had 9 spell levels left.
You knew the following spells:

 Your Spells              Type           Power      Damage    Failure   Level
a - Foxfire               Conj/Fire      100%       2x1d9     1%          1
b - Scorch                Fire           78%        2d8       2%          2
c - Flame Wave            Conj/Fire      39%        2d11      16%         4
d - Slow                  Hex            32%        N/A       14%         1
e - Inner Flame           Hex/Fire       25%        N/A       14%         3

Your spell library contained the following spells:

 Spells                   Type           Power      Damage    Failure   Level
 Apportation              Tloc           8%         N/A       22%         1
 Summon Small Mammal      Summ           16%        N/A       22%         1
 Kindle Blastsparks       Fire/Tloc/Air  36%        2d13      26%         3
 Confusing Touch          Hex            8%         N/A       41%         3
 Summon Guardian Golem    Hex/Summ       6%         N/A       45%         3
 Call Canine Familiar     Summ           4%         N/A       54%         3
 Vampiric Draining        Necr           4%         2d6       54%         3
 Anguish                  Hex/Necr       3%         N/A       86%         4
 Alistair's Intoxication  Tmut/Pois      2%         N/A       99%         5
 Summon Cactus Giant      Summ           2%         N/A       100%        6
 Enfeeble                 Hex            4%         N/A       100%        7


Dungeon Overview and Level Annotations

Branches:
Dungeon (8/15)             Temple (1/1) D:7
   Lair: D:8-11

Altars:
Ashenzari
Cheibriados
Dithmenos
Fedhas
Kikubaaqudgha
Makhleb
Nemelex Xobeh
Okawaru
Ru
Sif Muna
Trog
Uskayaw
Vehumet
Wu Jian
Xom
Yredelemnul
The Shining One

Shops:
D:3 (   D:4 *   D:7 **

Annotations:
D:5 Blork the orc
Temple 2 transporters


Innate Abilities, Weirdness & Mutations

You are small and have problems with some larger weapons.
You are completely attuned to the shadows.


Message History

You feel a surge of power!
Flames lash the orc warrior.
The orc warrior is burned terribly!
The orc warrior is severely wounded.
You hear a shout!
The orc priest calls upon Beogh to heal the orc warrior.
The orc warrior is healed somewhat.
Casting: Scorch (safe; 2% risk of failure)
Confirm with . or Enter, or press ? or * to list all spells.
You feel a surge of power!
Flames lash the orc priest.
The orc priest is lightly wounded.
The orc priest's fire resistance burns away.
An orc wizard comes into view. It is wielding a +0 dagger.
The orc warrior barely misses you.
Casting: Scorch (safe; 2% risk of failure)
Confirm with . or Enter, or press ? or * to list all spells.
You feel a surge of power!
Flames lash the orc warrior.
The orc warrior is heavily wounded.
You hear a shout!
The orc priest misses you.
An orc comes into view. It is wielding a +0 falchion.
The orc warrior hits you with a +0 dire flail.
Casting: Scorch (safe; 2% risk of failure)
Confirm with . or Enter, or press ? or * to list all spells.
You feel a surge of power!
Flames lash the orc warrior.
The orc warrior is burned terribly!
The orc warrior is almost dead.
The orc priest is no longer more vulnerable to fire.
The orc priest misses you.
The orc warrior hits you with a +0 dire flail!
The orc priest mumbles some strange prayers to Beogh against you.
Beogh smites you!
The orc warrior hits you with a +0 dire flail.
* * * LOW HITPOINT WARNING * * *
The orc priest invokes the aid of Beogh against you.
You struggle to resist.
The orc warrior attacks as you move away!
The orc warrior completely misses you.
The orc warrior attacks as you move away!
The orc warrior hits you with a +0 dire flail!
You die...

..# #....#####..#.# #######
.# #.##.#......#.# #...... ##
#†##.#...#.##.## #.##### ###
####)##.###.#.....####.# ..#
##..............#...[...#
).###.....#.####.#<.#...#####
................)..>#...#
......##.......#.##.#.[.#
..##.......#####@##.#...#
..#####.##[#####o#..#...#
#..........#...######
#####o...#.÷........#
###†#######.#####.# ...oo#
#.# #.# .....# #.### #.#
.....# #...# #.# .....#
#.#####.#


You could see an orc warrior (combustible) and an orc priest.

Levels and vault maps discovered:
D:1:      wander_arrival_peaceful_grave, layout_rooms, reono_crystal_passage
D:2:      layout_basic, minmay_stone_trees_medium
D:3:      layout_basic, nicolae_kikubaaqudgha_miasma_corner, serial_shops,
          nicolae_square_shop
D:4:      layout_rooms, serial_shops, shop, nzn_random_ring, uniq_robin,
          uniq_menkaure, uniq_sigmund
D:5:      layout_loops_ring, gammafunk_temple_overflow_statue, serial_bayou,
          serial_bayou_pond_d, serial_bayou_shore_b, serial_bayou_lagoon_b,
          serial_bayou_ford_a, serial_bayou_pond_e, uniq_blork_the_orc
D:6:      cheibrodos_helix_gallery, layout_gridville, lemuel_tele_altar,
          mainiacjoe_overflow_surrounded_room, minmay_crossroads
D:7:      layout_layer_cave, minmay_temple_entry_nine_rooms, serial_shops,
          nicolae_inconvenience_store, nicolae_shop_sticking_my_neck_out
D:8:      layout_basic, serial_shops, kennysheep_mini, supply_closet_lemuel
Temple:   hellmonk_temple_divided_pantheon

Notes
Turn   | Place    | Note
-------+----------+-------------------------------------------
     0 | D:1      | Whiskymancer the Kobold Fire Elementalist began the quest
                  | for the Orb.
     0 | D:1      | Reached XP level 1. HP: 10/10 MP: 3/3
   256 | D:1      | Reached XP level 2. HP: 15/15 MP: 0/5
  1000 | D:2      | Reached XP level 3. HP: 19/19 MP: 0/6
  2159 | D:3      | Reached XP level 4. HP: 24/24 MP: 2/7
  2381 | D:3      | Found an ancient bone altar of Kikubaaqudgha.
  2643 | D:3      | Found Siuthradd's Weapon Shoppe.
  3284 | D:4      | Found Uppuzasi's General Store.
  3290 | D:4      | Reached XP level 5. HP: 28/28 MP: 1/8
  3373 | D:4      | Reached skill level 1 in Short Blades
  3457 | D:4      | Bought a scroll of teleportation for 42 gold pieces
  3476 | D:4      | Reached XP level 6. HP: 20/32 MP: 0/9
  3923 | D:4      | Reached skill level 2 in Short Blades
  4064 | D:4      | Learned a level 2 spell: Scorch
  4069 | D:4      | Learned a level 4 spell: Flame Wave
  4077 | D:4      | Noticed Sigmund
  4082 | D:4      | Noticed Robin
  4387 | D:4      | Noticed Menkaure
  4394 | D:4      | Killed Menkaure
  4395 | D:4      | Reached skill level 5 in Stealth
  4395 | D:4      | Reached skill level 5 in Fire Magic
  4395 | D:4      | Reached XP level 7. HP: 12/36 MP: 1/10
  4445 | D:4      | Killed Robin
  4652 | D:4      | Reached skill level 3 in Short Blades
  4652 | D:4      | Reached skill level 5 in Dodging
  4813 | D:4      | Killed Sigmund
  4814 | D:4      | Reached skill level 4 in Short Blades
  4814 | D:4      | Reached XP level 8. HP: 41/41 MP: 1/11
  5105 | D:3      | Reached skill level 5 in Short Blades
  5301 | D:4      | Reached skill level 6 in Short Blades
  5301 | D:4      | Reached skill level 5 in Conjurations
  5749 | D:5      | Entered Level 5 of the Dungeon
  5757 | D:5      | Reached skill level 7 in Short Blades
  5942 | D:5      | Reached skill level 8 in Short Blades
  6049 | D:5      | Noticed Blork the orc
  6277 | D:5      | Reached XP level 9. HP: 45/45 MP: 2/12
  6571 | D:5      | Found a bloodstained altar of Trog.
  6571 | D:5      | Found a glowing golden altar of the Shining One.
  6619 | D:5      | Reached skill level 9 in Short Blades
  7504 | D:6      | Reached skill level 10 in Short Blades
  8143 | D:6      | Found a sacrificial altar of Ru.
  8229 | D:6      | Reached skill level 5 in Spellcasting
  9221 | D:6      | Reached skill level 1 in Fighting
  9505 | D:6      | Found a broken altar of Ashenzari.
  9863 | D:7      | Identified the +0 leather armour of Complete Protection
                  | {Harm}
 10081 | D:7      | Reached XP level 10. HP: 52/52 MP: 12/18
 10181 | D:7      | Found Gecvaurch's Neck Hole.
 10186 | D:7      | Bought a scarf of shadows for 180 gold pieces
 10186 | D:7      | Bought a +0 cloak for 67 gold pieces
 11738 | D:7      | Found a staircase to the Ecumenical Temple.
 11743 | Temple   | Entered the Ecumenical Temple
 11747 | Temple   | Found a transporter.
 11747 | Temple   | Found a transporter.
 11749 | Temple   | Found a transporter.
 11749 | Temple   | Found a transporter.
 11778 | Temple   | Became a worshipper of Vehumet
 11877 | D:7      | Found Yrut's General Store.
 11929 | D:7      | Bought a potion of heal wounds for 65 gold pieces
 12088 | D:8      | Learned a level 1 spell: Slow
 12092 | D:8      | Learned a level 3 spell: Inner Flame
 12396 | D:8      | Slain by an orc warrior

Table legend: (Time is in decaauts)
 A = Elapsed time spent in this place.
 B = Non-inter-level travel time spent in this place.
 C = Inter-level travel time spent in this place.
 D = Time resting spent in this place.
 E = Time spent auto-exploring this place.
 F = Levels seen in this place.
 G = Mean time per level.
                   A        B        C        D        E       F      G
               +--------+--------+--------+--------+--------+-----+--------+
         Total |  12453 |  11512 |    941 |    700 |   9362 |   9 | 1383.7 |
       Dungeon |  12404 |  11475 |    929 |    700 |   9353 |   8 | 1550.5 |
        Temple |     49 |     37 |     12 |      0 |      9 |   1 |   49.0 |
               +--------+--------+--------+--------+--------+-----+--------+

Top non-repeatable levels by time:
     D:6: 2329 daAuts
     D:7: 2114 daAuts
     D:4: 2039 daAuts
     D:5: 1896 daAuts
     D:3: 1770 daAuts
     D:2: 1090 daAuts
     D:1: 852 daAuts
     D:8: 310 daAuts
  Temple: 49 daAuts

Table legend:
 A = Kills in this place as a percentage of kills in entire the game.
 B = Kills by you in this place as a percentage of kills by you in the entire game.
 C = Kills by friends in this place as a percentage of kills by friends in the entire game.
 D = Other kills in this place as a percentage of other kills in the entire game.
 E = Experience gained in this place as a percentage of experience gained in the entire game.
 F = Experience gained in this place divided by the number of levels of this place that you have seen.
                   A       B       C       D       E      F
               +-------+-------+-------+-------+-------+----------------------
         Total | 100.0 | 100.0 |   N/A |   N/A | 100.0 | 568.7
       Dungeon | 100.0 | 100.0 |   N/A |   N/A | 100.0 | 639.8
               +-------+-------+-------+-------+-------+----------------------

Action                   |  1- 3 |  4- 6 |  7- 9 | 10-12 || total
-------------------------+-------+-------+-------+-------++-------
Melee: Unarmed           |     1 |       |       |       ||     1
       Short sword       |     5 |    14 |       |       ||    19
       Staff             |       |       |    16 |       ||    16
 Fire: Sling             |     2 |       |       |       ||     2
 Cast: Foxfire           |    81 |   114 |   127 |     9 ||   331
       Scorch            |       |     3 |    82 |    42 ||   127
  Use: Scroll            |       |       |    11 |       ||    11
Armor: Robe              |     5 |     9 |    27 |    11 ||    52
       Acid dragon scale |       |       |       |     1 ||     1
Dodge: Dodged            |     7 |    42 |   128 |    38 ||   215

Vanquished Creatures
  Sigmund (D:4)
  Menkaure (D:4)
  A steam dragon (D:7)
  3 water moccasins
  2 ice beasts
  An orc warrior (D:6)
  2 ogres
  A black bear (D:4)
  2 sky beasts
  2 centaurs
  2 phantoms
  5 bullfrogs
  2 gnoll sergeants
  5 scorpions
  2 wights (D:4)
  3 howler monkeys
  An electric eel (D:6)
  6 hounds
  A gnoll bouda (D:5)
  3 jellies (D:5)
  3 iguanas
  6 orc wizards
  Robin (D:4)
  12 gnolls
  9 adders
  An ufetubus (D:7)
  2 worms (D:2)
  2 dart slugs
  12 orcs
  3 endoplasms
  3 giant cockroaches
  11 goblins
  6 hobgoblins
  7 jackals (D:3)
  7 kobolds
  3 quokkas
  7 ball pythons
  9 bats
  2 frilled lizards (D:3)
  5 rats
157 creatures vanquished.

Vanquished Creatures (collateral kills)
  3 foxfires
3 creatures vanquished.

Vanquished Creatures (others)
  571 foxfires
  A plant (D:5)
572 creatures vanquished.

Grand Total: 732 creatures vanquished
